 Dungeon Crawl Stone Soup version 0.24-a0-581-gc0fa6600bf (webtiles) character file.

Game seed: 6134809948902899052

103 Eightlegvermin the Bolt Thrower (level 5, -1/29 HPs)
             Began as a Kobold Arcane Marksman on Aug 23, 2019.
             Slain by a worker ant (7 damage)
             ... on level 3 of the Dungeon.
             The game lasted 00:15:58 (2899 turns).

Eightlegvermin the Bolt Thrower (KoAM)              Turns: 2899, Time: 00:15:59

Health: -1/29      AC:  6    Str:  7    XL:     5   Next: 6%
Magic:  4/6        EV: 14    Int: 14    God:
Gold:   139        SH:  0    Dex: 17    Spells: 3/6 levels left

rFire    . . .     SeeInvis .   a - +3 hand crossbow
rCold    . . .     Gourm    .   (shield restricted)
rNeg     + . .     Faith    .   c - +0 leather armour
rPois    .         Spirit   .   (no helmet)
rElec    .         Reflect  .   i - +0 cloak
rCorr    .         Harm     .   p - +0 pair of gloves
MR       .....                  g - +0 pair of boots
Stlth    +++.......             (no amulet)
HPRegen  0.09/turn              n - ring of positive energy
MPRegen  0.10/turn              (no ring)

@: lethally poisoned (-1 -> -4)
A: small, carnivore
a: no special abilities


You were on level 3 of the Dungeon.
You were very full.

You visited 1 branch of the dungeon, and saw 3 of its levels.

You collected 139 gold pieces.

Inventory:

Hand Weapons
 a - a +3 hand crossbow (weapon)
 l - a +0 dagger
Missiles
 d - 5 bolts (quivered)
Armour
 c - a +0 leather armour (worn)
 e - a +0 robe
 g - a +0 pair of boots (worn)
 i - a +0 cloak (worn)
 p - a +0 pair of gloves (worn)
 q - +0 fire dragon scales
Jewellery
 n - a ring of positive energy (left hand)
 u - an uncursed ring of protection from cold {unknown}
Scrolls
 b - 6 scrolls of remove curse
Potions
 h - 2 potions of brilliance {unknown}
 j - a potion of lignification {unknown}
 k - 2 potions of heal wounds {unknown}
 m - a potion of berserk rage
 o - 2 potions of magic {unknown}
 r - a potion of agility {unknown}
 s - a potion of might {unknown}
 t - a potion of degeneration {unknown}
Comestibles
 f - 6 rations
 v - a chunk of flesh


   Skills:
 - Level 1.1 Fighting
 + Level 0.0 Short Blades
 * Level 4.4 Crossbows
 - Level 2.4 Dodging
 + Level 4.1 Stealth
 - Level 1.1 Spellcasting
 - Level 3.1 Hexes


You had 3 spell levels left.
You knew the following spells:

 Your Spells              Type           Power        Failure   Level  Hunger
a - Corona                Hex            #......      11%         1    ##.....
b - Slow                  Hex            #.......     17%         2    ###....

Your spell library contained the following spells:

 Spells                   Type           Power        Failure   Level  Hunger
 Inner Flame              Hex/Fire       #.......     54%         3    ####...
 Portal Projectile        Hex/Tloc       #.....       54%         3    ####...
 Cause Fear               Hex            #.........   73%         4    #####..
 Leda's Liquefaction      Hex/Erth       #.........   91%         4    #####..


Dungeon Overview and Level Annotations

Branches:
Dungeon (3/15)

Altars:
Hepliaklqana
Zin


Innate Abilities, Weirdness & Mutations

You are small and have problems with some larger weapons.
You are carnivorous and can eat meat at any time.


Message History

Confirm with . or Enter, or press ? or * to list all spells.
Aiming: Corona (safe; 11% risk of failure)
Press: ? - help, Shift-Dir - straight line, f/p - worker ant
Aim: a worker ant (almost dead, chance to defeat MR: 52%)
The worker ant is outlined in light.
You feel sick. The worker ant completely misses you. The worker ant misses you.
Firing (i - inventory)
d - 7 bolts (quivered)
Press: ? - help, Shift-Dir - straight line, f/p - worker ant
Aim: a worker ant (severely wounded, softly glowing)
You shoot a bolt. The bolt hits the worker ant.
The worker ant is almost dead.
The worker ant bites you but does no damage.
Firing (i - inventory)
d - 6 bolts (quivered)
Press: ? - help, Shift-Dir - straight line, f/p - worker ant
Aim: a worker ant (almost dead, softly glowing)
You shoot a bolt.
The bolt hits the worker ant but does no damage.
The worker ant is almost dead.
You feel sick. The worker ant barely misses you. The worker ant bites you!
You die...

....>..........#.......#.#
#.#...
......#######..........#.#
#.#.## ......##..
#..........#.# #.#...
......##.# #....#.....#.#
#.#### ##.#+###.#
#..........#.# #.# ##รท#+###.#
#..........#.###.# .........#
#......#.......#.#
.........####..........#.#.#.#
............#.).@.<###.#.#.#.#
...........##)..a......#.#.#.#
...........)...#.#######.#.#.#
##########.......(.........#.#
##................#.#
#................#.#
##.###........##.#.####
+...##........##'#....#
##...##.........)..###.#


You could see a worker ant.

Vanquished Creatures
  Terence (D:3)
  2 adders
  An ooze (D:1)
  A dart slug (D:1)
  2 leopard geckos
  2 orcs (D:3)
  8 bats
  2 giant cockroaches
  7 hobgoblins
  2 jackals (D:1)
  5 kobolds
  A ball python (D:3)
  2 frilled lizards (D:1)
  7 goblins
  6 rats
49 creatures vanquished.

Notes
Turn   | Place    | Note
-------+----------+-------------------------------------------
     0 | D:1      | Eightlegvermin the Kobold Arcane Marksman began the quest
                  | for the Orb.
     0 | D:1      | Reached XP level 1. HP: 12/12 MP: 2/2
    44 | D:1      | Reached skill level 1 in Stealth
    47 | D:1      | Reached XP level 2. HP: 6/16 MP: 3/3
   377 | D:1      | Reached XP level 3. HP: 16/20 MP: 4/4
  1188 | D:2      | Found a faded altar of an unknown god.
  1331 | D:2      | Reached XP level 4. HP: 25/25 MP: 5/5
  1400 | D:2      | Found a glowing silver altar of Zin.
  1400 | D:2      | Found a hazy altar of Hepliaklqana.
  1959 | D:3      | Learned a level 2 spell: Slow
  1962 | D:3      | Noticed Terence
  1966 | D:3      | Killed Terence
  2505 | D:3      | Reached XP level 5. HP: 29/29 MP: 6/6
  2899 | D:3      | Slain by a worker ant

Levels and vault maps discovered:
D:1:      dpeg_arrival_simpleton_c, layout_basic, minmay_pentomino_u2
D:2:      layout_basic, gammafunk_temple_overflow_statue,
          chequers_ecumenical_altar_island
D:3:      minmay_razor_zed, layout_basic, first_ration, uniq_terence

Skill      XL: |  1  2  3  4 |
---------------+-------------+-----
Stealth        | 1 2 3 4 |  4.1
Crossbows      | 3 4 |  4.4
Fighting       | |  1.1
Dodging        | |  2.4
Spellcasting   | |  1.1
Hexes          | |  3.1

Action                   |  1- 3 |  4- 6 || total
-------------------------+-------+-------++-------
Melee: Dagger            |       |    15 ||    15
 Fire: Hand crossbow     |    69 |    44 ||   113
 Cast: Corona            |       |     5 ||     5
  Use: Scroll            |     6 |     2 ||     8
       Potion            |       |     1 ||     1
 Stab: Sleeping          |       |     1 ||     1
  Eat: Chunk             |    10 |     4 ||    14
Armor: Leather armour    |     7 |    13 ||    20
Dodge: Dodged            |    23 |    43 ||    66

Table legend:
 A = Non-vault XP
 B = Vault XP
 C = Vault XP percentage of total XP
 D = Non-vault monster count
 E = Vault monster count
 F = Vault count percentage of total count
                 A         B        C        D         E       F
            +---------+---------+-------+---------+---------+-------
      Total |     109 |      39 |  26.4 |      46 |       3 |   6.1
            +---------+---------+-------+---------+---------+-------
        D:1 |      45 |       3 |   6.2 |      22 |       2 |   8.3
        D:2 |      30 |       0 |   0.0 |      10 |       0 |   0.0
        D:3 |      34 |      36 |  51.4 |      14 |       1 |   6.7
            +---------+---------+-------+---------+---------+-------
